| TOP OF THE 1ST |
|
Miami Beach Marlins batting - Pitching for Portland Angels : LHP Tanner Scarlett
|
|
Pitching: LHP Tanner Scarlett
|
|
|
Batting: RHB Scott Talbot
|
0-0: Ball 1-0: Ball 2-0: DOUBLE (Groundball, 5L, EV 103.1 MPH)
|
|
Batting: RHB Chris Harlow
|
0-0: Foul Ball, location: 2F 0-1: Ball 1-1: Called Strike 1-2: Ball 2-2: Ball 3-2: Base on Balls
|
|
Batting: LHB Luis Ortegon
|
0-0: Called Strike 0-1: Called Strike 0-2: Strikes out looking
|
|
Batting: RHB Torquato Uso
|
0-0: Ball 1-0: Grounds into double play, 4-6-3 (Groundball, 4, EV 84.4 MPH)
|
| Top of the 1st over - 0 runs, 1 hit, 0 errors, 1 left on base; Miami Beach 0 - Portland 0 |
| BOTTOM OF THE 1ST |
|
Portland Angels batting - Pitching for Miami Beach Marlins : RHP Ib Skovgaard
|
|
Pitching: RHP Ib Skovgaard
|
|
|
Batting: RHB Jose Garduno
|
0-0: Ball 1-0: Called Strike 1-1: Foul Ball, location: 2F 1-2: Ball 2-2: Foul Ball, location: 2F 2-2: Strikes out swinging
|
|
Batting: RHB Steve Neely
|
0-0: Swinging Strike 0-1: Hit by Pitch
|
|
Batting: RHB Scott Webb
|
0-0: 2-RUN HOME RUN (Flyball, 7D, EV 95.0 MPH), Distance : 364 ft
|
|
Batting: LHB Pavla Markianov
|
0-0: Foul Ball, location: 2F 0-1: Called Strike 0-2: Strikes out looking
|
|
Batting: RHB Alex Rosaly
|
0-0: Swinging Strike 0-1: Foul Ball, location: 2F 0-2: Strikes out swinging, 2-3 out at first.
|
| Bottom of the 1st over - 2 runs, 1 hit, 0 errors, 0 left on base; Miami Beach 0 - Portland 2 |
| TOP OF THE 2ND |
|
Miami Beach Marlins batting - Pitching for Portland Angels : LHP Tanner Scarlett
|
|
Batting: RHB Corbin Chauvin
|
0-0: Swinging Strike 0-1: Fly out, F8 (Flyball, 8RM, EV 94.4 MPH)
|
|
Batting: RHB Jim Smallwood
|
0-0: Ball 1-0: Called Strike 1-1: Foul Ball, location: 2F 1-2: Strikes out looking
|
|
Batting: LHB Henry Huezo
|
0-0: Ball 1-0: Ball 2-0: Swinging Strike 2-1: Fly out, F9 (Flyball, 89XD, EV 100.0 MPH)
|
| Top of the 2nd over - 0 runs, 0 hits, 0 errors, 0 left on base; Miami Beach 0 - Portland 2 |
| BOTTOM OF THE 2ND |
|
Portland Angels batting - Pitching for Miami Beach Marlins : RHP Ib Skovgaard
|
|
Batting: RHB Jesse Sargent
|
0-0: Called Strike 0-1: Ball 1-1: Foul Ball, location: 2F 1-2: Foul Ball, location: 2F 1-2: Strikes out swinging
|
|
Batting: LHB Doug Nebel
|
0-0: Foul Ball, location: 2F 0-1: Ball 1-1: Foul Ball, location: 2F 1-2: Foul Ball, location: 2F 1-2: Strikes out looking
|
|
Batting: LHB Kevin Feldman
|
0-0: DOUBLE (Flyball, 8LXD, EV 102.5 MPH)
|
|
Batting: LHB John Harvey
|
0-0: Foul Ball, location: 2F 0-1: Ball 1-1: Called Strike 1-2: Strikes out swinging
|
| Bottom of the 2nd over - 0 runs, 1 hit, 0 errors, 1 left on base; Miami Beach 0 - Portland 2 |
| TOP OF THE 3RD |
|
Miami Beach Marlins batting - Pitching for Portland Angels : LHP Tanner Scarlett
|
|
Batting: RHB Francisco Valenzuela
|
0-0: Foul Ball, location: 2F 0-1: Fly out, F8 (Flyball, 8RM, EV 94.4 MPH)
|
|
Batting: RHB Hektor Luvian
|
0-0: Ball 1-0: Bunted foul 1-1: Ball 2-1: Ground out 1-3 (Groundball, 34S, EV 62.5 MPH)
|
|
Batting: RHB Scott Talbot
|
0-0: Fly out, F9 (Flyball, 89S, EV 95.0 MPH)
|
| Top of the 3rd over - 0 runs, 0 hits, 0 errors, 0 left on base; Miami Beach 0 - Portland 2 |
| BOTTOM OF THE 3RD |
|
Portland Angels batting - Pitching for Miami Beach Marlins : RHP Ib Skovgaard
|
|
Batting: RHB Jose Garduno
|
0-0: Ball 1-0: Swinging Strike 1-1: Fly out, F8 (Flyball, 78D, EV 105.0 MPH)
|
|
Batting: RHB Steve Neely
|
0-0: Ball 1-0: Fly out, F4 (Popup, 3S, EV 76.9 MPH)
|
|
Batting: RHB Scott Webb
|
0-0: Called Strike 0-1: Ball 1-1: Foul Ball, location: 2F 1-2: Strikes out swinging
|
| Bottom of the 3rd over - 0 runs, 0 hits, 0 errors, 0 left on base; Miami Beach 0 - Portland 2 |
| TOP OF THE 4TH |
|
Miami Beach Marlins batting - Pitching for Portland Angels : LHP Tanner Scarlett
|
|
Batting: RHB Chris Harlow
|
0-0: Called Strike 0-1: Called Strike 0-2: Strikes out swinging
|
|
Batting: LHB Luis Ortegon
|
0-0: Ball 1-0: Called Strike 1-1: Foul Ball, location: 2F 1-2: Foul Ball, location: 2F 1-2: Ball 2-2: Fly out, F8 (Flyball, 8LM, EV 96.9 MPH)
|
|
Batting: RHB Torquato Uso
|
0-0: Ground out 5-3 (Groundball, 5S, EV 85.0 MPH)
|
| Top of the 4th over - 0 runs, 0 hits, 0 errors, 0 left on base; Miami Beach 0 - Portland 2 |
| BOTTOM OF THE 4TH |
|
Portland Angels batting - Pitching for Miami Beach Marlins : RHP Ib Skovgaard
|
|
Batting: LHB Pavla Markianov
|
0-0: Foul Ball, location: 2F 0-1: Foul Ball, location: 2F 0-2: Ball 1-2: Ground out 3-1 (Groundball, 13, EV 90.0 MPH)
|
|
Batting: RHB Alex Rosaly
|
0-0: Called Strike 0-1: Foul Ball, location: 2F 0-2: Ball 1-2: Ball 2-2: Strikes out swinging
|
|
Batting: RHB Jesse Sargent
|
0-0: Called Strike 0-1: Foul Ball, location: 2F 0-2: Foul Ball, location: 2F 0-2: SINGLE (Line Drive, 4D, EV 99.4 MPH)
|
|
Batting: LHB Doug Nebel
|
0-0: Called Strike 0-1: Fly out, F8 (Line Drive, 8RD, EV 101.2 MPH)
|
| Bottom of the 4th over - 0 runs, 1 hit, 0 errors, 1 left on base; Miami Beach 0 - Portland 2 |
| TOP OF THE 5TH |
|
Miami Beach Marlins batting - Pitching for Portland Angels : LHP Tanner Scarlett
|
|
Batting: RHB Corbin Chauvin
|
0-0: Ball 1-0: Ground out 5-3 (Groundball, 56, EV 103.1 MPH)
|
|
Batting: RHB Jim Smallwood
|
0-0: Ball 1-0: Ball 2-0: Swinging Strike 2-1: Swinging Strike 2-2: Ball 3-2: Foul Ball, location: 2F 3-2: Base on Balls
|
|
Batting: LHB Henry Huezo
|
0-0: Ball 1-0: Foul Ball, location: 2F 1-1: Fly out, F6 (Popup, 6, EV 54.4 MPH)
|
|
Batting: RHB Francisco Valenzuela
|
0-0: Called Strike 0-1: Ball 1-1: Called Strike 1-2: Foul Ball, location: 2F 1-2: Ball 2-2: Foul Ball, location: 2F 2-2: Fly out, F9 (Flyball, 89S, EV 89.4 MPH)
|
| Top of the 5th over - 0 runs, 0 hits, 0 errors, 1 left on base; Miami Beach 0 - Portland 2 |
| BOTTOM OF THE 5TH |
|
Portland Angels batting - Pitching for Miami Beach Marlins : RHP Ib Skovgaard
|
|
Batting: LHB Kevin Feldman
|
0-0: Swinging Strike 0-1: Ball 1-1: Ball 2-1: Swinging Strike 2-2: Ball 3-2: Foul Ball, location: 2F 3-2: Strikes out looking
|
|
Batting: LHB John Harvey
|
0-0: Called Strike 0-1: Foul Ball, location: 2F 0-2: Ball 1-2: Ball 2-2: Ball 3-2: Foul Ball, location: 2F 3-2: Strikes out swinging
|
|
Batting: RHB Jose Garduno
|
0-0: Called Strike 0-1: Swinging Strike 0-2: Foul Ball, location: 2F 0-2: Ball 1-2: Ground out U3 (Groundball, 34, EV 94.4 MPH)
|
| Bottom of the 5th over - 0 runs, 0 hits, 0 errors, 0 left on base; Miami Beach 0 - Portland 2 |
| TOP OF THE 6TH |
|
Miami Beach Marlins batting - Pitching for Portland Angels : LHP Tanner Scarlett
|
|
Batting: RHB Hektor Luvian
|
0-0: Called Strike 0-1: Ball 1-1: Ball 2-1: Foul Ball, location: 2F 2-2: Ball 3-2: Strikes out swinging
|
|
Batting: RHB Scott Talbot
|
0-0: Ground out 5-3 (Groundball, 5, EV 82.5 MPH)
|
|
Batting: RHB Chris Harlow
|
0-0: Fly out, F9 (Flyball, 9, EV 93.8 MPH)
|
| Top of the 6th over - 0 runs, 0 hits, 0 errors, 0 left on base; Miami Beach 0 - Portland 2 |
| BOTTOM OF THE 6TH |
|
Portland Angels batting - Pitching for Miami Beach Marlins : RHP Ib Skovgaard
|
|
Batting: RHB Steve Neely
|
0-0: Foul Ball, location: 2F 0-1: Ground out 5-3 (Groundball, 56, EV 100.0 MPH)
|
|
Pitching: RHP Freddie Robe
|
|
|
Batting: RHB Scott Webb
|
0-0: Ball 1-0: Ball 2-0: Called Strike 2-1: SINGLE (Line Drive, 56, EV 101.2 MPH)
|
|
Batting: LHB Pavla Markianov
|
0-0: Called Strike 0-1: Ball 1-1: Ball 2-1: Called Strike 2-2: Foul Ball, location: 2F 2-2: Fly out, F7 (Flyball, 78M, EV 95.6 MPH)
|
|
Batting: RHB Alex Rosaly
|
0-0: Ball 1-0: Called Strike 1-1: Ball 2-1: Foul Ball, location: 2F 2-2: Strikes out swinging, 2-3 out at first.
|
| Bottom of the 6th over - 0 runs, 1 hit, 0 errors, 1 left on base; Miami Beach 0 - Portland 2 |
| TOP OF THE 7TH |
|
Miami Beach Marlins batting - Pitching for Portland Angels : LHP Tanner Scarlett
|
|
Batting: LHB Luis Ortegon
|
0-0: Ball 1-0: Ball 2-0: Swinging Strike 2-1: Ball 3-1: Base on Balls
|
|
Batting: RHB Torquato Uso
|
0-0: Called Strike 0-1: Ball 1-1: Foul Ball, location: 2F 1-2: Strikes out looking
|
|
Batting: RHB Corbin Chauvin
|
0-0: Ball 1-0: Foul Ball, location: 2F 1-1: Ball 2-1: Fly out, F8 (Line Drive, 8LS, EV 93.8 MPH)
|
|
Pinch Hitting: LHB Takao Ogura
|
0-0: Ball 1-0: Ball 2-0: Foul Ball, location: 2F 2-1: Ball 3-1: Base on Balls Luis Ortegon to second
|
|
Pinch Hitting: SHB Emmet Brickowski
|
0-0: Ball 1-0: Foul Ball, location: 2F 1-1: Ball 2-1: Foul Ball, location: 2F 2-2: Foul Ball, location: 2F 2-2: Strikes out swinging
|
| Top of the 7th over - 0 runs, 0 hits, 0 errors, 2 left on base; Miami Beach 0 - Portland 2 |
| BOTTOM OF THE 7TH |
|
Portland Angels batting - Pitching for Miami Beach Marlins : RHP Freddie Robe
|
|
Now at 3B: Emmet Brickowski
|
|
|
Now in LF: Chris Harlow
|
|
|
Now in CF: Takao Ogura
|
|
|
Batting: RHB Jesse Sargent
|
0-0: Called Strike 0-1: Ground out 5-3 (Groundball, 5S, EV 81.9 MPH)
|
|
Batting: LHB Doug Nebel
|
0-0: Fly out, F7 (Flyball, 78D, EV 100.0 MPH)
|
|
Batting: LHB Kevin Feldman
|
0-0: Ball 1-0: Ground out 4-3 (Groundball, 4, EV 78.1 MPH)
|
| Bottom of the 7th over - 0 runs, 0 hits, 0 errors, 0 left on base; Miami Beach 0 - Portland 2 |
| TOP OF THE 8TH |
|
Miami Beach Marlins batting - Pitching for Portland Angels : LHP Tanner Scarlett
|
|
Now in RF: David Coatney
|
|
|
Batting: RHB Francisco Valenzuela
|
0-0: Ball 1-0: Ball 2-0: Swinging Strike 2-1: Foul Ball, location: 2F 2-2: Foul Ball, location: 2F 2-2: Strikes out looking
|
|
Batting: RHB Hektor Luvian
|
0-0: Ball 1-0: Swinging Strike 1-1: Called Strike 1-2: Strikes out looking
|
|
Batting: RHB Scott Talbot
|
0-0: Foul Ball, location: 2F 0-1: Foul Ball, location: 2F 0-2: Foul Ball, location: 2F 0-2: Fly out, F9 (Flyball, 9LS, EV 89.4 MPH)
|
| Top of the 8th over - 0 runs, 0 hits, 0 errors, 0 left on base; Miami Beach 0 - Portland 2 |
| BOTTOM OF THE 8TH |
|
Portland Angels batting - Pitching for Miami Beach Marlins : RHP Freddie Robe
|
|
Batting: LHB John Harvey
|
0-0: Called Strike 0-1: Swinging Strike 0-2: Strikes out swinging
|
|
Batting: RHB Jose Garduno
|
0-0: Fly out, F9 (Line Drive, 9, EV 95.6 MPH)
|
|
Batting: RHB Steve Neely
|
0-0: Called Strike 0-1: Foul Ball, location: 2F 0-2: Foul Ball, location: 2F 0-2: Ground out 4-3 (Groundball, 4, EV 108.1 MPH)
|
| Bottom of the 8th over - 0 runs, 0 hits, 0 errors, 0 left on base; Miami Beach 0 - Portland 2 |
| TOP OF THE 9TH |
|
Miami Beach Marlins batting - Pitching for Portland Angels : LHP Tanner Scarlett
|
|
Pitching: LHP Randy Boutilier
|
|
|
Batting: RHB Chris Harlow
|
0-0: Called Strike 0-1: Swinging Strike 0-2: Foul Ball, location: 2F 0-2: Ball 1-2: Ball 2-2: SINGLE (Line Drive, 6MD, EV 108.1 MPH)
|
|
Batting: LHB Luis Ortegon
|
0-0: Ball 1-0: Ball 2-0: Ball 3-0: Called Strike 3-1: Called Strike 3-2: Base on Balls Chris Harlow to second
|
|
Batting: RHB Torquato Uso
|
0-0: Called Strike 0-1: Swinging Strike 0-2: Foul Ball, location: 2F 0-2: Strikes out looking
|
|
Batting: RHB Orlando Melendres
|
0-0: Foul Ball, location: 2F 0-1: Ball 1-1: Ball 2-1: Ball 3-1: Called Strike 3-2: Fly out, F8 (Flyball, 8LXD, EV 93.1 MPH) Runner from 2nd tags up, SAFE at 3rd, no throw by CF
|
|
Batting: LHB Takao Ogura
|
0-0: Ball 1-0: Ball 2-0: Called Strike 2-1: Ball 3-1: Called Strike 3-2: Foul Ball, location: 2F 3-2: Base on Balls Luis Ortegon to second
|
|
Batting: SHB Emmet Brickowski
|
0-0: Swinging Strike 0-1: Foul Ball, location: 2F 0-2: Ball 1-2: Foul Ball, location: 2F 1-2: Foul Ball, location: 2F 1-2: Foul Ball, location: 2F 1-2: Strikes out swinging
|
| Top of the 9th over - 0 runs, 1 hit, 0 errors, 3 left on base; Miami Beach 0 - Portland 2 |
|